 Dungeon Crawl Stone Soup version 0.28.0-53-g5a82cb258f (webtiles) character file.

Game seed: 16354917808435326938

102 Revguard the Shield-Bearer (level 4, -2/29 HPs)
             Began as a Gargoyle Fighter on July 28, 2022.
             Slain by Crazy Yiuf
             ... wielding a +3 quarterstaff of chaos
              (10 damage)
             ... on level 2 of the Dungeon.
             The game lasted 00:04:16 (2823 turns).

Revguard the Shield-Bearer (Gargoyle Fighter)       Turns: 2823, Time: 00:04:16

Health: -2/29      AC: 10    Str: 19 (20) XL:     4   Next: 78%
Magic:  4/4        EV:  9    Int:  5 (8)  God:
Gold:   66         SH:  4    Dex:  8 (11) Spells: 3/3 levels left

rFire   . . .      SeeInvis .   a - +0 war axe
rCold   . . .      Faith    .   c - +0 buckler
rNeg    + . .      Spirit   .   b - +0 scale mail
rPois   ∞          Reflect  .   (no helmet)
rElec   +          Harm     .   (no cloak)
rCorr   .          Rampage  .   (no gloves)
Will    .....                   (no boots)
Stlth   ..........              (no amulet)
HPRegen 0.09/turn               (no ring)
MPRegen 0.09/turn               (no ring)

@: mighty
A: sickness immunity, AC +3, negative energy resistance 1, electricity
resistance, torment resistance 1, petrification resistance
a: no special abilities


You were on level 2 of the Dungeon.
You visited 1 branch of the dungeon, and saw 2 of its levels.

You collected 66 gold pieces.

Inventory:

Hand Weapons
 a - a +0 war axe (weapon)
Armour
 b - a +0 scale mail (worn)
 c - a +0 buckler (worn)
Scrolls
 f - 2 scrolls of fog {unknown}
 g - a scroll of teleportation {unknown}
Potions
 d - a potion of might
 e - a potion of cancellation
 h - a potion of degeneration


   Skills:
 + Level 3.6 Fighting
 * Level 2.6 Axes
 + Level 3.6 Armour
 + Level 0.8 Dodging
 * Level 3.9 Shields
 + Level 1.2 Invocations
 + Level 1.0 Evocations


You had 3 spell levels left.
You didn't know any spells.
Your spell library was empty.

Dungeon Overview and Level Annotations

Branches:
Dungeon (2/15)

Altars:

Annotations:
D:2 Crazy Yiuf


Innate Abilities, Weirdness & Mutations

You are immune to sickness and miasma.
Your stone body is resilient. (AC +3)
You are immune to poison.
You resist negative energy. (rN+)
You are resistant to electric shocks. (rElec)
You are resistant to unholy torment.
You are immune to petrification.


Message History

You see here a +0 club.
What are your orders? t - Shout!
Orders for allies: a - Attack new target. r - Retreat! s - Stop attacking. g - Guard the area. f - Follow me.
Anything else - Cancel.
You shout for attention!
What are your orders? t - Shout!
Orders for allies: a - Attack new target. r - Retreat! s - Stop attacking. g - Guard the area. f - Follow me.
Anything else - Cancel.
You shout for attention!
Things that are here:
a +0 robe; a +2 dagger of venom What are your orders? t - Shout!
Orders for allies: a - Attack new target. r - Retreat! s - Stop attacking. g - Guard the area. f - Follow me.
Anything else - Cancel.
You shout for attention!
Crazy Yiuf shouts!
You feel very mighty all of a sudden.
Crazy Yiuf yells, "You!"
Crazy Yiuf hits you with a +3 quarterstaff of chaos!
Crazy Yiuf burns you.
You barely miss Crazy Yiuf.
Crazy Yiuf yells, "Trifle meccalolo sing-song!"
Crazy Yiuf hits you with a +3 quarterstaff of chaos.
Crazy Yiuf burns you.
* * * LOW HITPOINT WARNING * * *
Crazy Yiuf completely misses you.
You hit Crazy Yiuf.
Crazy Yiuf is moderately wounded.
Crazy Yiuf yells, "Fire hand water!"
Crazy Yiuf hits you with a +3 quarterstaff of chaos!
You die...

#.#..........# #.#.#######..#
####### #.#.# ###..#####......
#.#.#####..).....#.#....
#.#..............#.#.###
#.#..#.<.....).....#.#
#.#..##.#.#..##..###.###
#.#..##.#.#..##.........
#.#....@g............###
#########.##.##.#.##..##.#####
#.....................##.#
#.#############.#.###.##.# #.#
#.#.# #.##.# #.# #.#.###.##.#
#.# #.#........# #.#
#.#####.#### #.# ### #.# #.#


You could see Crazy Yiuf.

Vanquished Creatures
  A bullfrog skeleton (D:2)
  3 adders (D:2)
  A worm (D:2)
  A dart slug (D:2)
  3 bats
  3 endoplasms
  2 giant cockroaches
  3 goblins (D:2)
  5 hobgoblins
  2 quokkas
  8 ball pythons
  2 frilled lizards (D:1)
  5 kobolds
  3 rats
42 creatures vanquished.

Vanquished Creatures (others)
  3 fungi (D:2)
3 creatures vanquished.

Grand Total: 45 creatures vanquished

Notes
Turn   | Place    | Note
-------+----------+-------------------------------------------
     0 | D:1      | Revguard the Gargoyle Fighter began the quest for the Orb.
     0 | D:1      | Reached XP level 1. HP: 14/14 MP: 1/1
   303 | D:1      | Reached XP level 2. HP: 19/19 MP: 2/2
  1052 | D:2      | Reached XP level 3. HP: 6/23 MP: 3/3
  1313 | D:2      | Reached skill level 1 in Invocations
  1313 | D:2      | Reached XP level 4. HP: 27/28 MP: 4/4
  1957 | D:2      | Reached skill level 1 in Evocations
  2347 | D:2      | Found a runed translucent door.
  2348 | D:2      | Noticed Crazy Yiuf
  2355 | D:2      | HP: 1/29 [Crazy Yiuf/+3 quarterstaff of chaos (1)]
  2823 | D:2      | Slain by Crazy Yiuf

Illustrated notes

Levels and vault maps discovered:
D:1:      onia_arrival_pentagram, layout_loops_ring
D:2:      layout_loops_ring, uniq_crazy_yiuf_cottage

Skill      XL: |  1  2  3  4 |
---------------+-------------+-----
Axes           | 2 |  2.6
Invocations    | 1 |  1.2
Evocations     | 1 |  1.0
Fighting       | |  3.6
Armour         | |  3.6
Dodging        | |  0.8
Shields        | |  3.9

Action                   |  1- 3 |  4- 6 || total
-------------------------+-------+-------++-------
Melee: War axe           |   107 |    71 ||   178
  Use: Potion            |       |     3 ||     3
Armor: Scale mail        |    53 |    35 ||    88
Dodge: Dodged            |    64 |    25 ||    89
Block: Buckler           |    18 |    15 ||    33
